 Dungeon Crawl Stone Soup version 0.18.0-1-g0107ab7 (webtiles) character file.

26 wvc the Gusty (level 2, -5/19 HPs)
             Began as a Mummy Wanderer on May 5, 2016.
             Slain by a worm (10 damage)
             ... on level 2 of the Dungeon.
             The game lasted 00:02:15 (1002 turns).

wvc the Gusty (Mummy Wanderer)                      Turns: 1002, Time: 00:02:16

Health: -5/19      AC:  5    Str: 18    XL:     2   Next: 89%
Magic:  3/3        EV: 10    Int: 11    God:
Gold:   60         SH:  0    Dex:  8    Spells: 1 memorised, 2 levels left

rFire  x . .     SeeInvis .     f - +0 mace
rCold  + . .     Gourm    .     h - +0 ring mail
rNeg   + + +     Faith    .     (no shield)
rPois  ∞         Spirit   .     g - +0 hat
rElec  .         Dismiss  .     (no cloak)
rCorr  .         Reflect  .     (no gloves)
SustAt .         Harm     .     (no boots)
MR     .....                    (no amulet)
Stlth  +.........               (no ring)
                                (no ring)

@: not resistant to hostile enchantments, very unstealthy
A: no food or potions, fire vulnerability, cold resistance 1, negative energy
resistance 3, torment resistance, unbreathing
a: no special abilities


You were on level 2 of the Dungeon.
You were not hungry.

You visited 1 branch of the dungeon, and saw 2 of its levels.

You collected 60 gold pieces.

Inventory:

Hand Weapons
 f - a +0 mace (weapon)
Missiles
 d - a throwing net (quivered)
Armour
 g - a +0 hat (worn)
 h - a +0 ring mail (worn)
Scrolls
 c - a scroll of identify {unknown}
Books
 a - a book of Spatial Translocations

   Spells                             Type                      Level
   a - Apportation                    Translocation                1
   b - Blink                          Translocation                2
   c - Shroud of Golubria             Charms/Translocation         2
   d - Portal Projectile              Translocation                3
   e - Teleport Other                 Translocation                3
   f - Passage of Golubria            Translocation                4
 b - Cefagadgh's Incunabulum of the Mountains

   Spells                             Type                      Level
   a - Sandblast                      Earth                        1
   b - Stone Arrow                    Conjuration/Earth            3


   Skills:
 + Level 0.2 Fighting
 * Level 1.7 Maces & Flails
 - Level 1.0 Throwing
 + Level 0.1 Armour
 + Level 0.5 Dodging
 - Level 1.0 Stealth
 - Level 1.0 Spellcasting
 - Level 2.4 Translocations
   Level 2.4 Air Magic
   Level 1.0 Earth Magic


You had 2 spell levels left.
You knew the following spells:

 Your Spells              Type           Power        Failure   Level  Hunger
a - Apportation           Tloc           #.........   24%         1    N/A

Dungeon Overview and Level Annotations

Branches:
Dungeon (2/15)

Altars:


Innate Abilities, Weirdness & Mutations

You do not eat or drink.
Your flesh is vulnerable to fire.
You are immune to poison.
Your flesh is cold resistant.
You are immune to negative energy.
You are immune to unholy pain and torment.
You can survive without breathing.


Message History

The worm is severely wounded.
You hit the worm.
The worm is severely wounded.
The worm barely misses you.
You hit the worm.
The worm is almost dead.
The worm bites you!
* * * LOW HITPOINT WARNING * * *
You are too injured to fight recklessly!
You are too injured to fight recklessly!
You are too injured to fight recklessly!
You are too injured to fight recklessly!
You barely miss the worm.
The worm is almost dead.
The worm closely misses you.
You barely miss the worm.
The worm is severely wounded.
The worm bites you!
Ouch! That really hurt!
You die...

## .# .# .# .# .#
.#######################
.............##.@w((((..
############.##.########
#.##.# ####.##.#
#....##.# #.#####.#
#.......# #########


You could see a worm.

Vanquished Creatures
  An ooze (D:1)
  A worm (D:2)
  A giant cockroach (D:1)
  2 goblins (D:1)
  5 hobgoblins (D:1)
  A bat (D:1)
  3 giant newts (D:1)
  2 kobolds (D:1)
  4 rats (D:1)
20 creatures vanquished.

Notes
Turn   | Place    | Note
--------------------------------------------------------------
     0 | D:1      | wvc the Mummy Wanderer began the quest for the Orb.
     0 | D:1      | wvc set off with: a book of Spatial Translocations, Cefagadgh's Incunabulum of the Mountains, a +0 robe, a +0 club
     0 | D:1      | Reached XP level 1. HP: 13/13 MP: 2/2
    76 | D:1      | Identified Cefagadgh's Incunabulum of the Mountains
    78 | D:1      | Learned a level 1 spell: Apportation
   300 | D:1      | Reached skill level 1 in Maces & Flails
   355 | D:1      | Reached XP level 2. HP: 19/19 MP: 3/3
  1002 | D:2      | Slain by a worm

Skill      XL: |  1 |
---------------+----+-----
Maces & Flails | 1 |  1.7
Fighting       | |  0.2
Throwing       | |  1.0
Armour         | |  0.1
Dodging        | |  0.5
Stealth        | |  1.0
Spellcasting   | |  1.0
Translocations | |  2.4
Air Magic      | |  2.4
Earth Magic    | |  1.0

Action                   || total
-------------------------++-------
Melee: Mace              ||    63
       Club              ||     5
Throw: Tomahawk          ||    18
Armor: Robe              ||     6
       Ring mail         ||     5
Dodge: Dodged            ||    36
